 Dungeon Crawl Stone Soup version 0.30-a0-568-g124715a40b (webtiles) character file.

Game seed: 2481393645661555558

0 flotson the Sneak (level 1, 0/18 HPs)
             Began as a Demonspawn Delver on Dec 29, 2022.
             Was an Initiate of Trog.
             Slain by a hound (3 damage)
             ... on level 6 of the Dungeon.
             The game lasted 00:02:06 (224 turns).

flotson the Sneak (Demonspawn Delver)                Turns: 224, Time: 00:02:07

Health: 0/18       AC:  7    Str: 12    XL:     1   Next: 0%
Magic:  1/1        EV:  9    Int: 11    God:    Trog [......]
Gold:   0          SH:  0    Dex: 10    Spells: 0/0 levels left

rFire   . . .      SeeInvis .    a - +0 hand axe
rCold   . . .      Faith    .    (no shield)
rNeg    + . .      Spirit   .    d - +1 scale mail "Orhif" {rElec rN+ Dex-4}
rPois   .          Reflect  .    (no helmet)
rElec   +          Harm     .    (no cloak)
rCorr   .          Rampage  .    (no gloves)
Will    .....                    (no boots)
Stlth   +                        (no amulet)
HPRegen 0.23/turn                (no ring)
MPRegen 0.07/turn                (no ring)

@: no status effects
A: no striking features
a: Renounce Religion


You were on level 6 of the Dungeon.
You worshipped Trog.
Trog was noncommittal.
You visited 1 branch of the dungeon, and saw 2 of its levels.

Inventory:

Hand Weapons
 a - a +0 hand axe (weapon)
Armour
 d - the +1 scale mail "Orhif" (worn) {rElec rN+ Dex-4}
   (You found it on level 5 of the Dungeon)

   Dex:       It affects your dexterity (-4).
   rElec:     It insulates you from electricity.
   rN:        It protects you from negative energy.
Wands
 g - a wand of digging (1)
Scrolls
 c - a scroll of fog


   Skills:
 + Level 3.0 Fighting
 + Level 1.7 Axes
 + Level 0.0 Armour
 + Level 1.7 Dodging
 + Level 4.5 Stealth
 + Level 0.0 Evocations


You couldn't memorise any spells.
You didn't know any spells.
Your spell library was empty.

Dungeon Overview and Level Annotations

Branches:
Dungeon (6/15)
 Temple: D:4-7

Altars:
Trog

Shops:
D:5 *

Annotations:
D:6 Eustachio


Message History

You aren't carrying any potions.
Okay, then.
Unknown command.
You barely miss the hound. The hound misses you. The hound barely misses you.
You hit the hound.
The hound is moderately wounded.
The hound barely misses you. The hound bites you but does no damage.
You closely miss the hound.
The hound is moderately wounded.
The hound bites you. The hound bites you but does no damage.
You barely miss the hound.
The hound is moderately wounded.
The hound bites you. The hound closely misses you.
You barely miss the hound.
The hound is moderately wounded.
The hound bites you but does no damage. x2
You closely miss the hound.
The hound is moderately wounded.
The hound bites you but does no damage.
You barely miss the hound.
The hound is moderately wounded.
The hound barely misses you. The hound bites you.
You miss the hound.
The hound is lightly wounded.
The hound barely misses you. The hound misses you.
You slash the hound!
The hound is heavily wounded.
The hound closely misses you. The hound bites you.
* * * LOW HITPOINT WARNING * * *
You completely miss the hound.
The hound is heavily wounded.
The hound bites you but does no damage. The hound bites you.
* * * LOW HITPOINT WARNING * * *
You closely miss the hound.
The hound is heavily wounded.
The hound bites you but does no damage. The hound misses you.
You closely miss the hound.
The hound is heavily wounded.
The hound bites you.
You die...

.##.#.########### #.#
#.....# #.# .##.### #.#
.##.####################.#
.....@...................#
.r.r######################
.#### #.......# ##
######r..###.#
#....@._.#ยง#@#
#####.####...###h#
.r.r.....#...b.br#
##################


You could see a hound, a bat (summoned) and a rat (summoned).

Vanquished Creatures (others)
  A wizard (D:6)
1 creature vanquished.

Notes
Turn   | Place    | Note
-------+----------+-------------------------------------------
     0 | D:5      | flotson the Demonspawn Delver began the quest for the Orb.
     0 | D:5      | Reached XP level 1. HP: 18/18 MP: 1/1
     0 | D:5      | Found Nyomurr's Assorted Antiques.
     6 | D:5      | Noticed an orc wizard
    10 | D:5      | Noticed an orc wizard
    15 | D:5      | Identified the +1 scale mail "Orhif" {rElec rN+ Dex-4}
    20 | D:5      | Noticed an orc priest
    91 | D:6      | Noticed Eustachio
   111 | D:6      | Noticed a hound
   199 | D:6      | Found a bloodstained altar of Trog.
   201 | D:6      | Noticed a wizard
   206 | D:6      | Became a worshipper of Trog the Wrathful
   206 | D:6      | Killed a wizard
   224 | D:6      | Slain by a hound

Illustrated notes

Levels and vault maps discovered:
D:5:      layout_cave_pools, cheibrodos_worm_habitat,
          mainiacjoe_overflow_24_doors, serial_shops, nicolae_stop_n_shop_2,
          st_stairs_4, minmay_shop_grid_forest
D:6:      nicolae_cairo_tiling_large_dashed, layout_loops_ring, trog_wizard,
          temple_doors_cd, serial_shops, kennysheep_mini_moat, uniq_eustachio

Action                   || total
-------------------------++-------
Melee: Hand axe          ||    12
Evoke: Wand              ||     2
  Use: Scroll            ||     2
       Potion            ||     2
Armor: Scale mail        ||    27
Dodge: Dodged            ||    26

Table legend: (Time is in decaauts)
 A = Elapsed time spent in this place.
 B = Non-inter-level travel time spent in this place.
 C = Inter-level travel time spent in this place.
 D = Time resting spent in this place.
 E = Time spent auto-exploring this place.
 F = Levels seen in this place.
 G = Mean time per level.
                   A        B        C        D        E       F      G
               +--------+--------+--------+--------+--------+-----+--------+
         Total |    211 |    211 |      0 |      0 |     46 |   2 |  105.5 |
       Dungeon |    211 |    211 |      0 |      0 |     46 |   2 |  105.5 |
               +--------+--------+--------+--------+--------+-----+--------+

Top non-repeatable levels by time:
     D:6: 189 daAuts
     D:5: 22 daAuts
